Map: Orbital Shipyard

Players

NnIiTtoO

  • Race: Terran Terran

Neuro - Winner!

  • Race: Zerg Zerg

VOD

http://www.twitch.tv/neurostarcraft/v/3984988

Description

Time

  • Played on: April 3, 2015, 7:13 p.m.
  • Length: 13:56
Show
View Real Time Build Order
Export as new Build Order

NnIiTtoO Terran 

Build Orders: Command Center First (CC), Mech 

Get SALT Encoding   

  12  0:03  SCV  
  13  0:15  SCV  
  13  0:18  Supply Depot  
  14  0:27  SCV  
  15  0:40  SCV  
  16  0:52  SCV  
  17  1:06  Command Center  
  17  1:10  SCV  
  18  1:20  Barracks  
  18  1:22  SCV  
  18  1:25  Refinery  
  19  1:34  SCV  
  20  1:40  Refinery  
  20  1:46  SCV  
  21  1:53  Barracks  
  21  1:58  SCV  
  22  2:03  Supply Depot  
  22  2:11  Orbital Command  
  22  2:13  Reaper  
  23  2:26  Orbital Command  
  23  2:38  SCV  
  23  2:41  Factory  
  23  2:43  Barracks Tech Lab  
  24  2:47  Marine  
  24  2:51  SCV  
  26  2:55  SCV  
  27  2:58  Supply Depot  
  27  3:03  SCV  
  28  3:11  Barracks Reactor  
  27  3:15  SCV  
  27  3:16  SCV  
  29  3:27  SCV  
  29  3:28  SCV  
  29  3:29  Armory  
  31  3:34  Factory  
  31  3:35  Hellion  
  31  3:39  SCV  
  31  3:40  SCV  
  35  3:46  Refinery  
  35  3:51  SCV  
  35  3:52  Command Center  
  36  3:56  SCV  
  36  3:57  Hellion  
  39  4:03  SCV  
  39  4:08  SCV  
  39  4:09  Supply Depot  
  41  4:13  Supply Depot  
  41  4:16  SCV  
  42  4:18  Hellion  
  42  4:19  Infernal Pre-Igniter  
  42  4:20  SCV  
  45  4:25  Hellion x2  
  45  4:29  SCV  
  50  4:32  SCV  
  51  4:41  SCV, Starport  
  51  4:43  Hellion  
  51  4:44  SCV  
  55  4:46  Hellion x2  
  59  4:53  SCV  
  59  4:54  Terran Vehicle and Ship Weapons Level 1  
  59  4:56  SCV  
  59  4:58  Refinery  
  61  5:05  Armory  
  61  5:06  SCV  
  63  5:07  Orbital Command  
  63  5:08  SCV  
  63  5:15  Hellion x2  
  63  5:18  SCV, Hellion  
  63  5:20  SCV  
  71  5:21  Starport Tech Lab  
  71  5:26  Barracks Tech Lab  
  71  5:29  Factory  
  71  5:30  SCV  
  71  5:31  Factory  
  71  5:32  SCV  
  73  5:35  Missile Turret  
  73  5:36  SCV, Hellion  
  73  5:37  Missile Turret  
  73  5:42  SCV  
  77  5:48  Orbital Command  
  75  5:50  Siege Tank  
  78  6:04  Raven  
  78  6:06  Command Center, SCV, Barracks Tech Lab  
  78  6:09  SCV  
  82  6:15  SCV  
  83  6:18  SCV  
  83  6:20  Factory Tech Lab  
  83  6:21  SCV  
  83  6:24  Terran Vehicle And Ship Armor Level 1  
  85  6:25  Refinery  
  85  6:29  Missile Turret  
  85  6:31  Refinery  
  85  6:38  Supply Depot  
  85  6:39  Supply Depot x2  
  85  6:41  Supply Depot  
  85  6:44  Siege Tank x2  
  85  6:46  Hellion  
  93  6:48  Supply Depot  
  93  6:55  Terran Vehicle and Ship Weapons Level 2  
  93  7:00  SCV x3, Hellion, Siege Tank  
  101  7:12  SCV x3, Factory  
  104  7:16  Thor  
  104  7:19  Orbital Command  
  104  7:21  Hellion x2  
  114  7:23  Hellion  
  114  7:24  SCV x3  
  119  7:34  Command Center  
  119  7:36  SCV x2  
  121  7:42  SCV, Hellion  
  124  7:48  SCV  
  125  7:57  Supply Depot  
  125  8:01  Supply Depot  
  125  8:03  Refinery  
  125  8:05  Missile Turret  
  125  8:11  Raven  
  125  8:12  Hellion x2  
  131  8:13  Hellion  
  124  8:39  Siege Tank x2  
  124  8:40  Terran Vehicle And Ship Armor Level 2, Siege Tank, Hellbat x2  
  109  8:42  SCV  
  109  8:44  SCV  
  105  8:50  SCV  
  105  8:51  Orbital Command  
  105  8:54  Orbital Command  
  106  8:56  Command Center  
  106  8:58  Command Center  
  106  9:04  Hellion x2  
  106  9:05  Siege Tank  
  106  9:07  Raven  
  115  9:11  Factory  
  113  9:24  Siege Tank x2  
  116  9:25  Siege Tank  
  122  9:42  Supply Depot  
  122  9:43  Supply Depot  
  122  9:44  Supply Depot, Hellbat  
  124  9:50  Supply Depot  
  124  9:51  Supply Depot x3  
  124  9:52  Supply Depot  
  124  9:53  Starport  
  124  9:54  Starport  
  124  9:55  Siege Tank  
  124  9:56  Siege Tank x2  
  124  9:57  Siege Tank  
  124  9:58  Starport  
  136  10:04  Factory Tech Lab  
  133  10:23  Orbital Command  
  133  10:25  Command Center  
  133  10:27  Supply Depot x2  
  133  10:28  Cyclone  
  136  10:30  Supply Depot  
  136  10:35  Missile Turret x2  
  136  10:36  Thor x2  
  136  10:38  Viking x3  
  146  10:59  SCV  
  146  11:01  Thor  
  146  11:02  Hellbat  
  138  11:06  SCV  
  138  11:11  Thor  
  127  11:29  Missile Turret  
  127  11:33  Missile Turret  
  127  11:36  Missile Turret  
  124  11:49  Thor  
  130  12:05  Thor  
  130  12:07  Hellion x3  
  142  12:18  Orbital Command  
  142  12:23  Viking x3  
  142  12:24  Viking  
  150  12:43  Orbital Command  
  143  12:53  SCV, Hellbat x3  
  143  12:54  SCV x2  
  143  12:56  SCV  
  109  13:06  SCV x3  
  109  13:08  SCV  
  110  13:15  Hellion  
  110  13:18  SCV x2  
Show
View Real Time Build Order
Export as new Build Order

Neuro Zerg - Winner!

Build Orders: Hatch First, Muta Ling Bane 

Get SALT Encoding   

  12  0:01  Drone  
  13  0:09  Drone  
  14  0:17  Overlord  
  14  0:28  Drone, Extractor  
  15  0:36  Drone x2  
  17  0:52  Hatchery  
  17  0:56  Drone  
  17  1:00  Drone  
  18  1:12  Spawning Pool  
  18  1:15  Drone  
  18  1:19  Drone  
  19  1:28  Extractor  
  19  1:29  Overlord  
  18  1:39  Drone  
  19  1:58  Queen  
  19  1:59  Zergling x2  
  19  2:00  Zergling x2  
  23  2:05  Queen  
  23  2:06  Zergling x2  
  26  2:12  Drone  
  27  2:18  Drone  
  27  2:22  Drone  
  29  2:33  Drone x2  
  29  2:34  Metabolic Boost  
  31  2:39  Roach Warren  
  30  2:48  Hatchery  
  29  3:01  Drone x5  
  34  3:15  Drone x2  
  34  3:16  Overlord  
  34  3:17  Overlord  
  36  3:27  Overlord  
  36  3:34  Queen  
  36  3:36  Drone  
  36  3:37  Drone x5  
  44  3:55  Roach x4  
  52  3:59  Queen  
  52  4:00  Overlord  
  54  4:03  Drone x3  
  54  4:08  Drone x3  
  60  4:16  Drone x4  
  64  4:28  Drone x3  
  67  4:32  Extractor  
  67  4:33  Drone x3  
  69  4:43  Overlord  
  69  4:44  Overlord  
  69  4:48  Drone x3, Queen  
  74  5:06  Roach x4  
  82  5:10  Extractor  
  82  5:11  Extractor  
  82  5:12  Overlord x2  
  80  5:14  Evolution Chamber x2  
  80  5:16  Burrow  
  77  5:21  Drone x3  
  77  5:22  Drone, Extractor  
  77  5:23  Drone  
  77  5:24  Overlord x2  
  81  5:34  Drone x3  
  84  5:36  Drone  
  84  5:37  Drone x4  
  84  5:38  Hatchery  
  84  5:41  Drone x3  
  84  5:42  Drone x2  
  93  5:53  Lair  
  93  5:56  Zerg Ground Armor Level 1, Zerg Melee Weapons Level 1  
  93  6:08  Extractor  
  92  6:11  Baneling Nest  
  92  6:18  Pneumatized Carapace  
  90  6:19  Drone x3  
  93  6:34  Hatchery, Overlord x2  
  93  6:35  Overlord x2  
  93  6:36  Overlord  
  93  6:37  Overlord x2  
  93  6:38  Overlord  
  92  6:43  Hatchery  
  92  6:45  Drone  
  92  6:46  Drone x6  
  98  6:52  Glial Reconstitution  
  98  6:54  Centrifical Hooks  
  98  6:55  Spire  
  98  6:56  Overseer x2  
  97  7:14  Zergling x2  
  97  7:15  Zergling x44  
  120  7:18  Ravager x5  
  120  7:19  Ravager  
  126  7:27  Drone x5  
  131  7:32  Overseer  
  131  7:52  Baneling x4  
  131  7:53  Baneling x2  
  131  7:55  Zerg Melee Weapons Level 2  
  129  8:09  Zergling x2  
  129  8:10  Zergling x38  
  140  8:12  Baneling  
  140  8:13  Baneling x17  
  140  8:15  Zergling x14  
  140  8:19  Extractor  
  146  8:22  Extractor  
  146  8:23  Queen  
  125  8:36  Zergling x4  
  125  8:37  Zergling x26  
  132  8:43  Zergling x18  
  140  8:58  Mutalisk  
  140  8:59  Mutalisk x6  
  154  9:15  Extractor  
  154  9:16  Baneling  
  154  9:17  Baneling x7, Extractor  
  152  9:18  Zergling x2  
  152  9:19  Zergling x34  
  152  9:22  Zerg Ground Armor Level 2  
  170  9:27  Infestation Pit  
  169  9:43  Zerg Flyer Weapons Level 1  
  169  9:44  Drone x3  
  169  9:45  Drone x4  
  175  9:46  Drone x2  
  173  10:12  Hatchery  
  173  10:13  Hive  
  166  10:22  Hatchery  
  166  10:24  Mutalisk x9  
  183  10:41  Spine Crawler  
  181  10:43  Zergling x2, Spine Crawler, Baneling x13  
  181  10:44  Zergling x18  
  181  10:46  Zerg Missile Weapons Level 1, Spore Crawler  
  157  11:00  Mutalisk x5  
  147  11:05  Zergling x14  
  147  11:10  Queen  
  151  11:20  Baneling x3  
  151  11:34  Pathogen Glands  
  151  11:36  Adrenal Glands  
  151  11:38  Ultralisk Cavern  
  150  11:43  Zergling x2  
  150  11:44  Zergling x32  
  167  11:48  Baneling x8  
  167  11:49  Extractor  
  167  11:52  Extractor  
  165  12:26  Overseer  
  165  12:28  Chitinous Plating  
  165  12:48  Zergling x6  
  165  12:49  Zergling x50  
  135  13:01  Ultralisk  
  133  13:13  Ultralisk x2  
  133  13:35  Zergling x12  
  133  13:36  Zergling x22  
Tags
 
Add a new tag
Caveats
  • Supply blocks, unpowered buildings, or Contaminate may cause inaccurate times.
  • Supply counts are checked every 10 seconds.